 Dungeon Crawl Stone Soup version 0.24-a0-529-g0b98641 (webtiles) character file.

Game seed: 2914940227597585339

212 robertstho the Poker (level 5, -9/47 HPs)
             Began as a Draconian Berserker on Aug 6, 2019.
             Was a Believer of Trog.
             Killed by divine providence
             ... invoked by an orc priest
              (12 damage)
             ... on level 3 of the Dungeon.
             The game lasted 00:02:38 (1767 turns).

robertstho the Poker (Draconian Berserker)          Turns: 1767, Time: 00:02:38

Health: -9/47      AC:  5    Str: 21    XL:     5   Next: 58%
Magic:  5/5        EV: 13    Int:  7    God:    Trog [**....]
Gold:   102        SH:  0    Dex: 10    Spells: 4/4 levels left

rFire    + . .     SeeInvis .   l - +4 mace
rCold    . . .     Gourm    .   (no shield)
rNeg     . . .     Faith    .   (armour unavailable)
rPois    .         Spirit   .   (helmet restricted)
rElec    .         Reflect  .   (no cloak)
rCorr    .         Harm     .   (no gloves)
MR       .....                  (no boots)
Stlth    ++........             (no amulet)
HPRegen  0.15/turn              h - ring of protection from fire
MPRegen  0.09/turn              (no ring)

@: lethally poisoned (-9 -> -10), berserk cooldown, slowed, very slow
A: unfitting armour, cold-blooded, AC +5
a: Berserk, Trog's Hand, Renounce Religion


You were on level 3 of the Dungeon.
You worshipped Trog.
Trog was pleased with you.
You were very hungry.

You visited 1 branch of the dungeon, and saw 3 of its levels.

You collected 102 gold pieces.

Inventory:

Hand Weapons
 a - a +0 spear
 l - a +4 mace (weapon)
Missiles
 g - 2 boomerangs (quivered)
Jewellery
 h - a ring of protection from fire (left hand)
Scrolls
 c - 4 scrolls of teleportation {unknown}
 d - 3 scrolls of fear {unknown}
 e - a scroll of fog {unknown}
 k - 2 scrolls of magic mapping {unknown}
 m - 2 scrolls of identify {unknown}
 n - a scroll of blinking {unknown}
 o - a scroll of remove curse {unknown}
Potions
 f - 2 potions of heal wounds {unknown}
 i - a potion of ambrosia {unknown}
 j - 4 potions of curing {unknown}
 p - a potion of agility {unknown}
Comestibles
 b - 5 rations


   Skills:
 + Level 4.3 Fighting
 + Level 2.0 Maces & Flails
 + Level 4.3 Polearms
 + Level 3.4 Dodging
 + Level 1.3 Stealth


You had 4 spell levels left.
You didn't know any spells.
Your spell library was empty.

Dungeon Overview and Level Annotations

Branches:
Dungeon (3/15)

Altars:


Innate Abilities, Weirdness & Mutations

Your plain brown scales are hard. (AC +5)
You cannot fit into any form of body armour.
You are cold-blooded and may be slowed by cold attacks.


Message History

You completely miss the orc.
Your tail-slap misses the orc.
The orc hits you.
The orc priest hits you from afar with a +0 trident!
The rat bites you but does no damage. The orc misses you.
The orc closely misses you. The rat bites you.
The orc priest calls down the wrath of Beogh upon you.
You barely resist.
You feel sick.
The orc priest hits you with a +0 trident.
* * * LOW HITPOINT WARNING * * *
The orc hits you but does no damage.
You hit the orc priest.
The orc priest is moderately wounded.
The orc hits you with a +0 hand axe.
* * * LOW HITPOINT WARNING * * *
The orc priest barely misses you. The orc hits you.
* * * LOW HITPOINT WARNING * * *
The orc barely misses you.
The orc priest invokes the aid of Beogh against you.
Beogh smites you!
You die...

#.......##[.#
#.<.......[##
#####........#.#
#...........##.#
#.####......##.#
######.###.......#..#
......).#..........##
# #...o)...(......#
#. #.o@or..........#
#.#.###s..........#
#....w............#
##......s..........#
.....o............##
........†..........#
...................#
.o.../............#
..................#


You could see an orc priest, 2 orcs, a giant cockroach and a rat.

Vanquished Creatures
  An orc priest (D:3)
  2 orc wizards (D:3)
  A gnoll (D:1)
  5 adders
  2 worms (D:2)
  3 dart slugs
  A leopard gecko (D:1)
  6 orcs
  2 giant cockroaches (D:1)
  7 goblins
  5 hobgoblins
  7 kobolds
  A ball python (D:2)
  9 bats
  4 frilled lizards
  6 rats
62 creatures vanquished.

Notes
Turn   | Place    | Note
-------+----------+-------------------------------------------
     0 | D:1      | robertstho the Draconian Berserker began the quest for the
                  | Orb.
     0 | D:1      | Reached XP level 1. HP: 19/19 MP: 1/1
   153 | D:1      | Reached XP level 2. HP: 20/26 MP: 2/2
   310 | D:1      | Reached XP level 3. HP: 25/33 MP: 3/3
   719 | D:2      | Reached ** piety under Trog
  1032 | D:2      | Reached XP level 4. HP: 40/40 MP: 4/4
  1449 | D:3      | Reached skill level 1 in Maces & Flails
  1451 | D:3      | Reached skill level 1 in Stealth
  1451 | D:3      | Reached XP level 5. HP: 11/46 MP: 5/5
  1767 | D:3      | Killed from afar by an orc priest

Levels and vault maps discovered:
D:1:      lightli_arrival_noodles, layout_loops_ring
D:2:      layout_loops_ring, chequers_serial_rivers_micro_c,
          minmay_misc_feat_hallway, minmay_unequal
D:3:      layout_rooms

Skill      XL: |  1  2  3  4  5 |
---------------+----------------+-----
Dodging        | 3 |  3.4
Polearms       | 4 |  4.3
Fighting       | 4 |  4.3
Maces & Flails | 1 2 |  2.0
Stealth        | 1 |  1.3

Action                   |  1- 3 |  4- 6 || total
-------------------------+-------+-------++-------
Melee: Spear             |   112 |       ||   112
       Tailslap          |     4 |     3 ||     7
       Mace              |    27 |    63 ||    90
Invok: Berserk           |       |     2 ||     2
 Stab: Sleeping          |     2 |     1 ||     3
  Eat: Chunk             |     1 |     2 ||     3
Armor: Skin              |    38 |    16 ||    54
Dodge: Dodged            |    85 |    79 ||   164

Table legend:
 A = Non-vault XP
 B = Vault XP
 C = Vault XP percentage of total XP
 D = Non-vault monster count
 E = Vault monster count
 F = Vault count percentage of total count
                 A         B        C        D         E       F
            +---------+---------+-------+---------+---------+-------
      Total |     301 |       2 |   0.7 |      61 |       1 |   1.6
            +---------+---------+-------+---------+---------+-------
        D:1 |      60 |       0 |   0.0 |      27 |       0 |   0.0
        D:2 |      64 |       2 |   3.0 |      20 |       1 |   4.8
        D:3 |     177 |       0 |   0.0 |      14 |       0 |   0.0
            +---------+---------+-------+---------+---------+-------
